 Dungeon Crawl Stone Soup version 0.25-a0-737-g26c3a87c45 (webtiles) character file.

Game seed: 2556572269101381799, levelgen mode: deterministic

2328 esteth the Thaumaturge (level 9, -4/65 HPs)
             Began as a Gnoll Wizard on Apr 9, 2020.
             Was an Initiate of Ashenzari.
             Engulfed by a cloud of flame (18 damage)
             ... on level 6 of the Dungeon on Apr 12, 2020.
             The game lasted 00:23:48 (7837 turns).

esteth the Thaumaturge (Gnoll Wizard)               Turns: 7837, Time: 00:23:49

Health: -4/65      AC:  2    Str:  9    XL:     9   Next: 42%
Magic:  14/21      EV: 17    Int: 25    God:    Ashenzari [......]
Gold:   143        SH:  0    Dex: 19    Spells: 3/24 levels left

rFire    . . .     SeeInvis +   B - +7 hunting sling "Jeam" {speed, *Corrode rC+ Int+2 Dex+5}
rCold    + + .     Gourm    .   (no shield)
rNeg     . . .     Faith    .   a - +0 robe
rPois    +         Spirit   .   b - +0 hat
rElec    .         Reflect  .   (no cloak)
rCorr    .         Harm     .   (no gloves)
MR       .....                  (no boots)
Stlth    +++.......             v - amulet of the Sun {RegenMP +Inv +Fly Dex-4 SInv} (curse)
HPRegen  0.20/turn              D - ring of the Seven Wishes {*Drain rPois Dex+3 Slay+3} (curse)
MPRegen  0.42/turn              g - ring of protection from cold

@: liquefying
A: distributed training, fangs 1, strong nose
a: Curse Item, Renounce Religion, Evoke Invisibility, Evoke Flight


You were on level 6 of the Dungeon.
You worshipped Ashenzari.
Ashenzari was noncommittal.
You were not hungry.

You visited 1 branch of the dungeon, and saw 6 of its levels.

You collected 273 gold pieces.
You spent 130 gold pieces at shops.

Inventory:

Hand Weapons
 e - a +0 trident
 j - a +0 club
 B - the +7 hunting sling "Jeam" (weapon) {speed, *Corrode rC+ Int+2 Dex+5}
   (You found it on level 5 of the Dungeon)

   Attacks with this weapon are significantly faster.
   It affects your intelligence (+2).
   It affects your dexterity (+5).
   It protects you from cold.
   It may corrode you when you take damage.
Missiles
 y - 8 curare-tipped darts
 A - 48 stones (quivered)
Armour
 a - a +0 robe (worn)
 b - a +0 hat (worn)
 l - a +0 leather armour
 u - the +2 robe "Weybenk" {rF+ rN+ Regen+ Str-2}
   (You found it on level 4 of the Dungeon)

   It affects your strength (-2).
   It protects you from fire.
   It protects you from negative energy.
   It increases your rate of regeneration.
Jewellery
 c - an uncursed ring of see invisible
 g - a ring of protection from cold (right hand)
 v - the cursed amulet of the Sun (around neck) {RegenMP +Inv +Fly Dex-4 SInv}
   (You bought it in a shop on level 4 of the Dungeon)

   [amulet of magic regeneration]

   It increases your magic regeneration.
   It affects your dexterity (-4).
   It lets you see invisible.
   It lets you turn invisible.
   It lets you fly.
   It has a curse placed upon it.
 D - the cursed ring of the Seven Wishes (left hand) {*Drain rPois Dex+3 Slay+3}
   (You found it on level 5 of the Dungeon)

   [ring of poison resistance]

   It affects your dexterity (+3).
   It affects your accuracy and damage with ranged weapons and melee attacks
   (+3).
   It protects you from poison.
   It causes draining when unequipped.
   It has a curse placed upon it.
Wands
 q - a wand of iceblast (13)
 t - a wand of acid (13)
 E - a wand of flame (1)
Scrolls
 i - 2 scrolls of magic mapping {unknown}
 m - 11 scrolls of identify
 n - 3 scrolls of amnesia
 o - a scroll of enchant armour {unknown}
 p - a scroll of enchant weapon {unknown}
 r - 2 scrolls of fog {unknown}
 w - 3 scrolls of teleportation
 x - a scroll of blinking {unknown}
 F - a scroll of brand weapon {unknown}
Potions
 f - 5 potions of might
 h - a potion of haste {unknown}
 k - a potion of brilliance {unknown}
 s - 2 potions of lignification {unknown}
 z - a potion of heal wounds
 C - a potion of ambrosia {unknown}
Comestibles
 d - 9 rations
 G - 9 chunks of flesh


   Skills:
 + Level 4.1 Fighting
 + Level 4.1 Short Blades
 + Level 4.1 Long Blades
 + Level 4.1 Axes
 + Level 4.1 Maces & Flails
 + Level 4.1 Polearms
 + Level 4.1 Staves
 + Level 4.1 Slings
 + Level 4.1 Bows
 + Level 4.1 Crossbows
 + Level 4.1 Throwing
 + Level 4.1 Armour
 + Level 6.2 Dodging
 + Level 6.0 Stealth
 + Level 4.1 Shields
 + Level 4.1 Unarmed Combat
 + Level 8.3 Spellcasting
 + Level 4.1 Conjurations
 + Level 3.4 Hexes
 + Level 3.4 Charms
 + Level 4.1 Summonings
 + Level 3.4 Necromancy
 + Level 4.1 Translocations
 + Level 3.4 Transmutations
 + Level 3.4 Fire Magic
 + Level 3.4 Ice Magic
 + Level 3.4 Air Magic
 + Level 3.4 Earth Magic
 + Level 3.4 Poison Magic
 + Level 4.5 Invocations
 + Level 4.1 Evocations


You had 3 spell levels left.
You knew the following spells:

 Your Spells              Type           Power        Failure   Level  Hunger
a - Magic Dart            Conj           ####         1%          1    None
b - Blink                 Tloc           N/A          1%          2    None
c - Call Imp              Summ           ####....     1%          2    None
d - Mephitic Cloud        Conj/Pois/Air  ####....     3%          3    None
e - Gell's Gravitas       Tloc           ####......   3%          3    None
f - Portal Projectile     Hex/Tloc       ####..       3%          3    None
g - Leda's Liquefaction   Hex/Erth       ####......   14%         4    ##.....
h - Inner Flame           Hex/Fire       ####....     4%          3    None

Your spell library contained the following spells:

 Spells                   Type           Power        Failure   Level  Hunger
 Animate Skeleton         Necr           N/A          1%          1    None
 Apportation              Tloc           ####..       1%          1    None
 Corona                   Hex            ####...      1%          1    None
 Foxfire                  Conj/Fire      ####         1%          1    None
 Sandblast                Erth           ####..       1%          1    None
 Summon Small Mammal      Summ           ####         1%          1    None
 Slow                     Hex            ####....     2%          2    None
 Conjure Flame            Conj/Fire      ####....     3%          3    None
 Stone Arrow              Conj/Erth      ####..       3%          3    None
 Confusing Touch          Hex            ####....     4%          3    None
 Cause Fear               Hex            ####......   14%         4    ##.....
 Petrify                  Tmut/Erth      ####....     14%         4    ##.....
 Bolt of Magma            Conj/Fire/Erth ####......   34%         5    ####...
 Lee's Rapid Deconstruct  Erth           ####......   36%         5    ####...
 Metabolic Englaciation   Hex/Ice        ####......   36%         5    ####...
 Yara's Violent Unravell  Hex/Tmut       ####......   36%         5    ####...
 Iron Shot                Conj/Erth      ####......   88%         6    ######.
 Dragon Form              Tmut           ####......   100%        7    #######
 Dragon's Call            Summ           ####......   100%        9    #######


Dungeon Overview and Level Annotations

Branches:
Dungeon (6/15)             Temple (0/1) D:5

Altars:
Ashenzari
Dithmenos
Makhleb
Qazlal
Ru
Trog
Uskayaw
Vehumet
Wu Jian

Shops:
D:4 *


Innate Abilities, Weirdness & Mutations

Your experience applies equally to all skills.
You have very sharp teeth.
Your uncanny sense of smell can sniff out nearby items.


Message History

Your Fighting skill increases to level 4!
Your Short Blades skill increases to level 4!
Your Long Blades skill increases to level 4!
Your Axes skill increases to level 4!
Your Maces & Flails skill increases to level 4!
Your Polearms skill increases to level 4!
Your Staves skill increases to level 4!
Your Slings skill increases to level 4!
Your Bows skill increases to level 4!
Your Crossbows skill increases to level 4!
Your Throwing skill increases to level 4!
Your Armour skill increases to level 4!
Your Stealth skill increases to level 6!
Your Shields skill increases to level 4!
Your Unarmed Combat skill increases to level 4!
Your Conjurations skill increases to level 4!
Your Summonings skill increases to level 4!
Your Translocations skill increases to level 4!
Your Evocations skill increases to level 4!
You are engulfed in blazing flames.
You die...

#.##)##.#.....#
###################.##.#.....#
#................#.....#.....#
#.....)÷.........##.####.....#
#.÷#####.)#####..##.# ####.###
#......#..#......##.# #......#
#......#..#(.....##.# #.##.#.#
#####..#).#..######.# #.##....
####......#..#..@§§.##.# #.##....
...#......#..#%%.§§.##<# #.##....
####..#####..#####°.##.###...)...
####......#..#.....)##...........
##.#......#..#..(..%#######.#....
##.#####[.#..#..##### #.#....
..)#....).#..#......# #.#.##.
#))#......#..#...u..# #(#....
...#..#####..#####..# #......


There were no monsters in sight!

Vanquished Creatures
  An ugly thing (D:6)
  Eustachio (D:4)
  2 orc warriors (D:6)
  A sky beast (D:6)
  A black bear (D:6)
  3 centaurs
  2 ogres
  A bullfrog (D:6)
  A scorpion (D:4)
  A howler monkey (D:4)
  3 crimson imps
  A bullfrog zombie (D:6)
  2 centaur skeletons
  4 orc priests
  2 orc wizards
  A bullfrog skeleton (D:6)
  An iguana (D:6)
  6 worker ants (D:6)
  3 gnolls (D:3)
  4 adders
  An ooze (D:6)
  A worm (D:2)
  A dart slug (D:3)
  3 leopard geckos
  22 orcs
  2 ball pythons
  10 bats
  7 giant cockroaches
  6 hobgoblins
  16 jackals
  3 kobolds
  2 quokkas
  7 frilled lizards
  7 goblins
  A leopard gecko skeleton (D:6)
  7 rats
  A plant (D:2)
138 creatures vanquished.

Vanquished Creatures (collateral kills)
  2 ogres
  A hound (D:4)
  An iguana (D:4)
  A worker ant (D:4)
  2 worms
7 creatures vanquished.

Grand Total: 145 creatures vanquished

Notes
Turn   | Place    | Note
-------+----------+-------------------------------------------
     0 | D:1      | esteth the Gnoll Wizard began the quest for the Orb.
     0 | D:1      | Reached XP level 1. HP: 13/13 MP: 8/8
     0 | D:1      | Upgraded the game from 0.25-a0-733-gf7d8cd8a05 to
                  | 0.25-a0-737-g26c3a87c45
   368 | D:1      | Reached XP level 2. HP: 19/19 MP: 8/10
   687 | D:2      | Found a shattered altar of Ashenzari.
   687 | D:2      | Found a shadowy altar of Dithmenos.
   687 | D:2      | Found a stormy altar of Qazlal.
   697 | D:2      | Became a worshipper of Ashenzari the Shackled
   802 | D:2      | Learned a level 2 spell: Blink
   805 | D:2      | Learned a level 2 spell: Call Imp
  1316 | D:2      | Reached XP level 3. HP: 25/25 MP: 8/11
  2285 | D:3      | Reached skill level 1 in Invocations
  2373 | D:3      | Noticed a moth of wrath
  2376 | D:3      | Found a bloodstained altar of Trog.
  2607 | D:3      | Reached skill level 1 in Fighting
  2607 | D:3      | Reached skill level 1 in Short Blades
  2607 | D:3      | Reached skill level 1 in Long Blades
  2607 | D:3      | Reached skill level 1 in Axes
  2607 | D:3      | Reached skill level 1 in Maces & Flails
  2607 | D:3      | Reached skill level 1 in Polearms
  2607 | D:3      | Reached skill level 1 in Staves
  2607 | D:3      | Reached skill level 1 in Slings
  2607 | D:3      | Reached skill level 1 in Bows
  2607 | D:3      | Reached skill level 1 in Crossbows
  2607 | D:3      | Reached skill level 1 in Throwing
  2607 | D:3      | Reached skill level 1 in Armour
  2607 | D:3      | Reached skill level 1 in Shields
  2607 | D:3      | Reached skill level 1 in Unarmed Combat
  2607 | D:3      | Reached skill level 1 in Evocations
  2620 | D:3      | Found an ornate altar of the Wu Jian Council.
  2636 | D:3      | Reached XP level 4. HP: 32/32 MP: 4/13
  2653 | D:3      | HP: 1/32 [orc priest/cursed -1 war axe (4)]
  2831 | D:3      | Learned a level 3 spell: Mephitic Cloud
  2911 | D:3      | Reached skill level 1 in Hexes
  2911 | D:3      | Reached skill level 1 in Charms
  2911 | D:3      | Reached skill level 1 in Necromancy
  2911 | D:3      | Reached skill level 1 in Transmutations
  2911 | D:3      | Reached skill level 1 in Fire Magic
  2911 | D:3      | Reached skill level 1 in Ice Magic
  2911 | D:3      | Reached skill level 1 in Air Magic
  2911 | D:3      | Reached skill level 1 in Earth Magic
  2911 | D:3      | Reached skill level 1 in Poison Magic
  3503 | D:3      | Reached XP level 5. HP: 37/37 MP: 7/14
  3760 | D:4      | Found Nasos's Assorted Antiques.
  4267 | D:4      | Noticed an ogre
  4289 | D:4      | Killed an ogre
  4289 | D:4      | Reached XP level 6. HP: 32/44 MP: 9/16
  4416 | D:4      | Got the uncursed robe "Weybenk" {rF+ rN+ Regen+ Str-2}
  4462 | D:4      | Bought a pitted pewter amulet for 130 gold pieces
  4462 | D:4      | Identified the amulet of the Sun {RegenMP +Inv +Fly Dex-4
                  | SInv} (You bought it in a shop on level 4 of the Dungeon)
  4494 | D:4      | Reached skill level 5 in Dodging
  4812 | D:4      | Noticed Eustachio
  4841 | D:4      | Killed Eustachio
  4841 | D:4      | Reached XP level 7. HP: 49/50 MP: 6/18
  5271 | D:5      | Entered Level 5 of the Dungeon
  5554 | D:5      | Learned a level 3 spell: Gell's Gravitas
  5619 | D:5      | Got the hunting sling "Jeam" {speed, *Corrode rC+ Int+2
                  | Dex+5}
  5650 | D:5      | Identified the +7 hunting sling "Jeam" {speed, *Corrode rC+
                  | Int+2 Dex+5} (You found it on level 5 of the Dungeon)
  6002 | D:5      | Found a staircase to the Ecumenical Temple.
  6007 | D:5      | Found a hide-covered altar of Uskayaw.
  6024 | D:5      | Identified the ring of the Seven Wishes {*Drain rPois Dex+3
                  | Slay+3}
  6139 | D:5      | Reached skill level 5 in Stealth
  6230 | D:5      | Found a burning altar of Makhleb.
  6231 | D:5      | Found a radiant altar of Vehumet.
  6633 | D:5      | Found a sacrificial altar of Ru.
  6638 | D:5      | Reached XP level 8. HP: 57/57 MP: 19/19
  7059 | D:6      | Learned a level 3 spell: Portal Projectile
  7137 | D:6      | Reached skill level 8 in Spellcasting
  7176 | D:6      | Learned a level 4 spell: Leda's Liquefaction
  7180 | D:6      | Learned a level 3 spell: Inner Flame
  7516 | D:6      | Reached XP level 9. HP: 42/65 MP: 21/21
  7724 | D:6      | Identified the Disquisition on the Mountains
  7808 | D:6      | Noticed a white ugly thing
  7837 | D:6      | Killed a white ugly thing
  7837 | D:6      | Engulfed by a cloud of flame

Levels and vault maps discovered:
D:1:      eino_arrival_water_cross, layout_loops_cross
D:2:      layout_rooms, gammafunk_temple_overflow_forgotten,
          serial_co_window_serial, co_window_of_opportunity_a,
          co_window_cross_1, co_window_paths_b, co_window_paths_b,
          co_window_paths_a, co_window_broadway_b, co_window_corner_b,
          co_window_broadway_b, co_window_paths_e, co_window_paths_d,
          glass_columns_c, glass_columns_b, glass_columns_b, glass_columns_b,
          minivault_5, minmay_misc_feat_x
D:3:      layout_loops_ring, overflow_temple_1_default, tgw_trog
D:4:      layout_layer_cave, serial_shops, nicolae_shop_overgrown_old_shop,
          uniq_eustachio
D:5:      layout_basic, grunt_temple_overflow_lords_of_destruction,
          temple_statues, basic_altar, first_ration, corner_web_ring,
          nicolae_ru_sacrificial_ziggurat
D:6:      kennysheep_windowed_halls, layout_loops_cross, nrook_campfire

Skill      XL: |  1  2  3  4  5  6  7  8  9 |
---------------+----------------------------+-----
Conjurations   | 2 3 4 |  4.1
Summonings     | 2 3 4 |  4.1
Translocations | 2 3 4 |  4.1
Invocations    | 1 2 3 4 |  4.5
Fighting       | 1 2 3 4 |  4.1
Short Blades   | 1 2 3 4 |  4.1
Long Blades    | 1 2 3 4 |  4.1
Axes           | 1 2 3 4 |  4.1
Maces & Flails | 1 2 3 4 |  4.1
Polearms       | 1 2 3 4 |  4.1
Staves         | 1 2 3 4 |  4.1
Slings         | 1 2 3 4 |  4.1
Bows           | 1 2 3 4 |  4.1
Crossbows      | 1 2 3 4 |  4.1
Throwing       | 1 2 3 4 |  4.1
Armour         | 1 2 3 4 |  4.1
Shields        | 1 2 3 4 |  4.1
Unarmed Combat | 1 2 3 4 |  4.1
Evocations     | 1 2 3 4 |  4.1
Hexes          | 1 2 3 |  3.4
Charms         | 1 2 3 |  3.4
Necromancy     | 1 2 3 |  3.4
Transmutations | 1 2 3 |  3.4
Fire Magic     | 1 2 3 |  3.4
Ice Magic      | 1 2 3 |  3.4
Air Magic      | 1 2 3 |  3.4
Earth Magic    | 1 2 3 |  3.4
Poison Magic   | 1 2 3 |  3.4
Dodging        | 5 6 |  6.2
Stealth        | 5 6 |  6.0
Spellcasting   | 8 |  8.3

Action                   |  1- 3 |  4- 6 |  7- 9 || total
-------------------------+-------+-------+-------++-------
Melee: Club              |   176 |    33 |       ||   209
       Bite              |    25 |     8 |     2 ||    35
       Trident           |       |    63 |    32 ||    95
 Fire: Hunting sling     |       |       |   185 ||   185
Throw: Dart              |       |       |     2 ||     2
 Cast: Magic Dart        |   102 |    66 |    12 ||   180
       Call Imp          |     8 |     7 |     3 ||    18
       Blink             |     1 |     1 |     6 ||     8
       Mephitic Cloud    |       |    10 |     6 ||    16
       Gell's Gravitas   |       |       |     2 ||     2
       Inner Flame       |       |       |     3 ||     3
       Leda's Liquefacti |       |       |     2 ||     2
       Portal Projectile |       |       |     1 ||     1
Invok: Curse Item        |       |       |     2 ||     2
  Use: Scroll            |     2 |     2 |       ||     4
       Potion            |       |     3 |       ||     3
 Stab: Sleeping          |     2 |     1 |     1 ||     4
       Confused          |       |     2 |       ||     2
  Eat: Chunk             |     2 |     7 |     6 ||    15
       Ration            |     1 |       |     1 ||     2
Armor: Robe              |     9 |    26 |     7 ||    42
Dodge: Dodged            |    53 |   119 |    68 ||   240

Table legend:
 A = Non-vault XP
 B = Vault XP
 C = Vault XP percentage of total XP
 D = Non-vault monster count
 E = Vault monster count
 F = Vault count percentage of total count
                 A         B        C        D         E       F
            +---------+---------+-------+---------+---------+-------
      Total |    1843 |    1483 |  44.6 |     121 |      23 |  16.0
            +---------+---------+-------+---------+---------+-------
        D:1 |      11 |       0 |   0.0 |       7 |       0 |   0.0
        D:2 |      38 |       1 |   2.6 |      21 |       1 |   4.5
        D:3 |     140 |       6 |   4.1 |      30 |       4 |  11.8
        D:4 |     385 |     191 |  33.2 |      17 |       1 |   5.6
        D:5 |     378 |      50 |  11.7 |      15 |       1 |   6.2
        D:6 |     891 |    1235 |  58.1 |      31 |      16 |  34.0
            +---------+---------+-------+---------+---------+-------
